 Dungeon Crawl Stone Soup version 0.30-a0-568-g124715a40b (webtiles) character file.

Game seed: 15680565103792097105

107110 drugrobin the Brawler (level 15, -17/147 HPs)
             Began as a Demigod Delver on Dec 28, 2022.
             Killed from afar by Aizul (43 damage)
             ... with a poison arrow
             ... on level 1 of the Shoals.
             The game lasted 01:40:40 (30568 turns).

drugrobin the Brawler (Demigod Delver)             Turns: 30568, Time: 01:40:40

Health: -17/147    AC: 15    Str: 21    XL:     15   Next: 51%
Magic:  25/25      EV: 15    Int: 27    God:
Gold:   1474       SH:  5    Dex: 15    Spells: 10/22 levels left

rFire   . . .      SeeInvis .      - Unarmed
rCold   . . .      Faith    .    (no shield)
rNeg    . . .      Spirit   .    I - +0 troll leather armour
rPois   .          Reflect  +    P - +2 helmet {Int+3}
rElec   .          Harm     .    (no cloak)
rCorr   +          Rampage  .    w - +0 pair of gloves of Weirdness {rCorr Slay+5}
Will    +....                    N - +2 pair of boots {Fly}
Stlth   +++                      h - amulet "Adwippy" {Reflect rCorr SH+5}
HPRegen 1.24/turn                M - +4 ring of protection
MPRegen 0.19/turn                q - ring of wizardry

@: lethally poisoned (-17 -> -59), flying
A: high MP 1, forlorn, divine attributes
a: no special abilities


You were on level 1 of the Shoals.
You visited 5 branches of the dungeon, and saw 24 of its levels.
You also visited: Sewer, Ossuary, Bailey and Gauntlet.

You collected 2536 gold pieces.
You spent 1062 gold pieces at shops.

Inventory:

Hand Weapons
 c - a +4 dagger of venom
Missiles
 K - 23 boomerangs (quivered)
 Z - 5 curare-tipped darts
Armour
 r - a +1 ring mail of willpower
 w - the +0 pair of gloves of Weirdness (worn) {rCorr Slay+5}
   (You acquired it in a sewer)

   Slay:      It affects your accuracy & damage with ranged weapons and melee
   (+5).
   rCorr:     It protects you from acid and corrosion.
 z - +0 fire dragon scales
 I - a +0 troll leather armour (worn)
 N - a +2 pair of boots of flying (worn)
 P - a +2 helmet of intelligence (worn)
Magical Staves
 v - a staff of fire
 A - a staff of poison
Jewellery
 d - the ring of Raxziwuiz {*Corrode rC++ MP+9 Int+6 Stlth+}
   (You found it in a Gauntlet)

   [ring of intelligence]

   Int:       It affects your intelligence (+6).
   rC:        It greatly protects you from cold.
   MP:        It affects your magic capacity (+9).
   *Corrode:  It may corrode you when you take damage.
   Stlth:     It makes you more stealthy.
 g - the ring of Rariplol {Drain rPois rF+ rN+ Int+4}
   (You found it in a Gauntlet)

   [ring of positive energy]

   Int:       It affects your intelligence (+4).
   rF:        It protects you from fire.
   rPois:     It protects you from poison.
   rN:        It protects you from negative energy.
   Drain:     It drains your maximum health when unequipped.
 h - the amulet "Adwippy" (around neck) {Reflect rCorr SH+5}
   (You found it in a Gauntlet)

   [amulet of reflection]

   It reflects blocked missile attacks.
   rCorr:     It protects you from acid and corrosion.
   SH:        It affects your SH (+5).
 j - a +6 ring of dexterity
 q - a ring of wizardry (right hand)
 J - a +4 ring of protection
 M - a +4 ring of protection (left hand)
Wands
 b - a wand of mindburst (14)
 n - a wand of polymorph (5)
 y - a wand of digging (7)
 H - a wand of flame (5)
 Q - a wand of paralysis (22)
 S - a wand of iceblast (21)
 U - a wand of acid (23)
Scrolls
 l - 6 scrolls of fog
 m - 2 scrolls of amnesia {unknown}
 t - 8 scrolls of poison
 u - 2 scrolls of silence {unknown}
 C - 4 scrolls of blinking
 L - 13 scrolls of teleportation
 T - 2 scrolls of fear
 V - a scroll of butterflies {unknown}
Potions
 i - 2 potions of heal wounds
 k - a potion of invisibility
 o - 4 potions of attraction
 p - 5 potions of lignification
 s - 8 potions of curing
 x - 3 potions of haste
 B - 3 potions of brilliance
 D - a potion of berserk rage
 E - 6 potions of might
 F - 4 potions of cancellation
 G - 3 potions of resistance
 O - 3 potions of ambrosia
 R - a potion of experience
 Y - 3 potions of magic
Miscellaneous
 a - a phial of floods
 e - a phantom mirror (inert)
 f - a lightning rod (4/4)
 W - a tin of tremorstones (inert)


   Skills:
 + Level 17.4 Fighting
 - Level 8.0 Dodging
 - Level 4.5 Stealth
 + Level 17.9 Unarmed Combat
 - Level 4.0 Spellcasting
 * Level 1.6 Transmutations
 - Level 4.0 Evocations


You had 10 spell levels left.
You knew the following spells:

 Your Spells              Type           Power      Damage    Failure   Level
a - Blade Hands           Tmut           7%         N/A       43%         5
b - Beastly Appendage     Tmut           28%        N/A       1%          1
c - Wereblood             Tmut           14%        N/A       2%          2
d - Airstrike             Air            2%         2d(1-17)  32%         4

Your spell library contained the following spells:

 Spells                   Type           Power      Damage    Failure   Level
 Magic Dart               Conj           20%        1d4       3%          1
 Shock                    Conj/Air       20%        1d4       3%          1
 Slow                     Hex            20%        N/A       3%          1
 Searing Ray              Conj           10%        2d4       6%          2
 Spider Form              Tmut/Pois      9%         N/A       8%          3
 Confusing Touch          Hex            5%         N/A       11%         3
 Dazzling Flash           Conj/Hex       10%        N/A       11%         3
 Summon Guardian Golem    Hex/Summ       5%         N/A       11%         3
 Swiftness                Air            5%         N/A       11%         3
 Tukima's Dance           Hex            5%         N/A       11%         3
 Vampiric Draining        Necr           5%         2d6       11%         3
 Animate Armour           Summ/Erth      10%        N/A       32%         4
 Animate Dead             Necr           5%         N/A       32%         4
 Fulminant Prism          Conj/Hex       2%         3d5       32%         4
 Passage of Golubria      Tloc           5%         N/A       32%         4
 Alistair's Intoxication  Tmut/Pois      6%         N/A       54%         5
 Yara's Violent Unravell  Hex/Tmut       4%         3d4       54%         5
 Agony                    Necr           5%         N/A       65%         5
 Borgnjor's Vile Clutch   Necr/Erth      2%         N/A       65%         5
 Silence                  Hex/Air        2%         N/A       65%         5
 Eringya's Noxious Bog    Tmut/Pois      4%         N/A       98%         6
 Death Channel            Necr           2%         N/A       99%         6
 Iron Shot                Conj/Erth      2%         9d2       99%         6
 Orb of Destruction       Conj           2%         9d5       100%        7
 Spellforged Servitor     Conj/Summ      2%         N/A       100%        7
 Chain Lightning          Conj/Air       2%         3d3       100%        9
 Fire Storm               Conj/Fire      2%         8d1       100%        9
 Shatter                  Erth           2%         3d6*      100%        9


Dungeon Overview and Level Annotations

Branches:
Dungeon (15/15)            Temple (1/1) D:5            Lair (5/5) D:11
 Shoals (1/4) Lair:3       Spider (0/4) Lair:3        Slime (0/5) Lair:5
    Orc (2/2) D:12            Elf (0/3) Orc:2        Depths (0/4) D:15
  Sewer (visited)         Ossuary (visited)          Bailey (visited)
Gauntlet (visited)
 Vaults: D:13-14

Shops:
D:9 *   Orc:1 [   Orc:2 =:[!

Annotations:
D:6 exclusion: electric eel
D:9 Erica
D:14 1 exclusion
Lair:5 1 runed translucent door
Shoals:1 Aizul


Innate Abilities, Weirdness & Mutations

You have an increased reservoir of magic. (+10% MP)
You shall have no god before yourself.
Your divine heritage dramatically boosts your attributes as you level up.


Message History

Unknown command.
Unknown command.
Unknown command.
Unknown command.
Aiming: Phantom Mirror
Press: ? - help, Dir - move target, f/p - Aizul
Aim: Aizul (moderately wounded)
You reflect Aizul with the mirror!
The mirror clouds!
You feel extremely sick.
Aizul coils herself and waves her upper body at Aizul.
The poison arrow hits Aizul!
Aizul partially resists.
Aizul is poisoned.
Aizul hits you!
* * * LOW HITPOINT WARNING * * *
Aizul coils herself and waves her upper body at Aizul.
The bolt of poison hits Aizul!
Aizul casts a spell at you. The bolt of poison misses you.
Unknown command.
Unknown command.
Unknown command.
Unknown command.
Unknown command.
Unknown command.
You feel much better.
You feel very sick.
Aizul casts a spell at Aizul.
The poison arrow misses Aizul.
Aizul casts a spell at you. The bolt of poison hits you!!!
You are more poisoned.
* * * LOW HITPOINT WARNING * * *
Unknown command.
Unknown command.
You feel much better.
You feel extremely sick.
Aizul hits Aizul but does no damage.
Aizul hits you but does no damage.
Aizul coils herself and waves her upper body at you.
The poison arrow hits you!!!
You are lethally poisoned!
You die...

..### ....### ### ##.#
.~ ......##+##.###..#
..~
.[.....~~...PP...###..
.......~~~.PP.....#..
.)..(...~~....P...(# ~
........~~~........##P.~
?..............SS.....~~
................@~~.?~~~
~?........~.....$~~~~~~~
~.......~~~~.....~~~~~~≈
~.~.##..~~~~~.$.~~~~~~≈≈
~~~....~~~~~~~~~~~~~~≈≈≈
~~....~~~~~~~~~~~~~~~≈≈≈
......~~~~~~~~~~~~≈≈≈≈≈≈
##....~~~~~~~~~~≈≈≈≈≈≈≈≈
##....~~~≈~~~≈≈≈≈≈≈≈


You could see Aizul (very poisoned, ally target) and the friendly Aizul
(summoned, drained).

Vanquished Creatures
  Gastronok (D:8)
  An orc warlord (D:12)
  A stone giant (D:15)
  Nessos (Orc:2)
  A minotaur (Gauntlet)
  Snorg (D:11)
  Josephine (D:10)
  Fannar (D:10)
  A fire dragon (D:14)
  5 hydras
  4 catoblepae
  Erolcha (D:11)
  A ghost crab (Gauntlet)
  2 merfolk avatars (Shoals:1)
  2 ogre magi (Orc:2)
  11 centaur warriors
  3 boulder beetles
  13 two-headed ogres
  9 death yaks
  3 tengu warriors
  Urug (D:11)
  A hell knight (D:15)
  A fire crab (Lair:5)
  2 sea snakes (Shoals:1)
  4 deep trolls
  2 wizards
  A necromancer (Gauntlet)
  An orc knight (Bailey)
  3 fauns
  4 orc sorcerers
  2 ugly things
  5 cyclopes
  12 manticores
  2 oklob plants (D:11)
  Joseph (Lair:1)
  4 elephants (Lair:2)
  3 merfolk sirens
  2 black mambas (Lair:4)
  7 cane toads
  A torpor snail (Lair:4)
  11 komodo dragons
  A gargoyle (D:12)
  An efreet (D:13)
  11 rime drakes
  3 demonic crawlers
  2 unseen horrors
  Psyche (D:8)
  Maggie (D:6)
  2 tengu conjurers
  A komodo dragon (shapeshifter) (D:13)
  3 yaktaurs (D:15)
  12 trolls
  2 merfolk
  A queen bee (shapeshifter) (D:14)
  A wind drake (Lair:3)
  Prince Ribbit (D:7)
  10 dream sheep
  4 blink frogs (Lair:5)
  12 slime creatures
  A jumping spider (Lair:3)
  A centaur simulacrum (D:15)
  Sigmund (D:4)
  A shadow (D:12)
  5 wraiths
  56 yaks
  A culicivora (Lair:3)
  A water elemental (D:14)
  A ynoxinul (Gauntlet)
  A hog (shapeshifter) (D:13)
  A vampire (D:11)
  13 vampire mosquitoes
  6 wyverns
  Grum (D:8)
  A redback (Lair:3)
  4 basilisks
  Edmund (D:5)
  An acid dragon (D:12)
  7 water moccasins
  Duvessa (D:5)
  21 orc warriors
  2 ice beasts (D:8)
  3 black bears
  13 wolves
  24 ogres
  34 centaurs
  2 phantoms
  A kobold brigand (D:9)
  Blork the orc (D:5)
  12 bullfrogs
  3 necrophages
  9 scorpions (Ossuary)
  3 gnoll sergeants
  11 wights
  10 killer bees
  6 electric eels
  3 centaur zombies (Ossuary)
  6 howler monkeys
  6 orc priests
  3 hounds
  4 iron imps (Gauntlet)
  2 jellies
  10 hell rats (Lair:4)
  3 human zombies (Ossuary)
  3 scorpion zombies (Ossuary)
  5 iguanas
  14 orc wizards
  3 mummies (Ossuary)
  17 gnolls
  15 adders
  A shadow imp (D:8)
  A white imp (D:8)
  4 ufetubi
  A worm (D:2)
  2 dart slugs
  47 orcs
  5 ball pythons
  5 bats
  6 endoplasms
  13 giant cockroaches
  4 gnoll zombies (Ossuary)
  9 goblins
  9 hobgoblins
  9 jackals (D:1)
  8 quokkas
  13 frilled lizards
  2 goblin zombies (Ossuary)
  A hobgoblin zombie (Ossuary)
  19 kobolds
  4 kobold zombies (Ossuary)
  An orc zombie (Ossuary)
  6 rats
726 creatures vanquished.

Vanquished Creatures (collateral kills)
  An orc knight (Bailey)
  A kobold (Bailey)
2 creatures vanquished.

Vanquished Creatures (others)
  Dowan (D:5)
  3 gnolls (D:5)
  An orc (Orc:1)
  34 fungi
  50 plants
89 creatures vanquished.

Grand Total: 817 creatures vanquished

Notes
Turn   | Place    | Note
-------+----------+-------------------------------------------
     0 | D:5      | drugrobin the Demigod Delver began the quest for the Orb.
     0 | D:5      | Reached XP level 1. HP: 18/18 MP: 3/3
   146 | D:5      | Found a staircase to the Ecumenical Temple.
   155 | Temple   | Entered the Ecumenical Temple
   224 | D:5      | Noticed Duvessa
   252 | D:5      | Noticed an iguana
   252 | D:5      | Noticed a water moccasin
   320 | D:4      | Noticed a phantom
   326 | D:4      | Noticed an iguana
   331 | D:4      | Noticed a hound
   577 | D:3      | Reached XP level 2. HP: 6/25 MP: 4/4
   982 | D:1      | Reached XP level 3. HP: 24/30 MP: 5/5
  2393 | D:3      | Reached XP level 4. HP: 35/37 MP: 6/6
  3064 | D:3      | Reached skill level 5 in Unarmed Combat
  3115 | D:4      | Reached XP level 5. HP: 24/42 MP: 7/7
  3415 | D:5      | HP: 2/42 [quokka (2)]
  3571 | D:5      | Killed a water moccasin
  3577 | D:5      | HP: 2/42 [poisoned by a water moccasin]
  3764 | D:5      | Reached XP level 6. HP: 46/50 MP: 8/8
  4063 | D:5      | Killed Duvessa
  4067 | D:5      | Noticed Dowan
  4227 | D:4      | Noticed Sigmund
  4244 | D:4      | Killed Sigmund
  4245 | D:4      | Reached XP level 7. HP: 31/56 MP: 9/9
  4781 | D:5      | Noticed Blork the orc
  4790 | D:5      | Noticed Edmund
  4870 | D:6      | Found a sand-covered staircase.
  4878 | Ossuary  | Entered an ossuary
  5004 | Ossuary  | Reached XP level 8. HP: 53/63 MP: 10/10
  5405 | D:6      | Found a glowing drain.
  5427 | Sewer    | Entered a sewer
  5720 | Sewer    | Identified a scroll of acquirement
  5760 | Sewer    | Acquired the +0 pair of gloves of Weirdness {rCorr Slay+5}
  5885 | Sewer    | Reached skill level 5 in Fighting
  5885 | Sewer    | Reached skill level 10 in Unarmed Combat
  6266 | D:6      | Noticed a troll
  6564 | D:6      | Noticed Maggie
  6709 | D:5      | Killed Blork the orc
  6798 | D:5      | Killed Dowan
  6825 | D:5      | Killed Edmund
  6826 | D:5      | Reached XP level 9. HP: 59/75 MP: 11/11
  7714 | D:7      | Found a flagged portal.
  7786 | Bailey   | Entered a bailey
  7872 | Bailey   | Noticed an orc knight
  8016 | Bailey   | Noticed an orc knight
  8024 | Bailey   | Killed an orc knight
  8123 | Bailey   | Killed an orc knight
  8823 | D:6      | Reached XP level 10. HP: 88/88 MP: 13/13
  9082 | D:7      | Noticed Prince Ribbit
  9096 | D:7      | Killed Prince Ribbit
  9419 | D:8      | Noticed Psyche
  9431 | D:8      | Killed Psyche
  9613 | D:6      | Killed Maggie
  9909 | D:8      | Noticed a two-headed ogre
  9918 | D:8      | Killed a two-headed ogre
  9936 | D:8      | Noticed Gastronok
 10086 | D:8      | Noticed Grum
 10092 | D:8      | Reached skill level 1 in Evocations
 10105 | D:9      | Noticed a boulder beetle
 10199 | D:8      | Killed Grum
 10543 | D:8      | Killed Gastronok
 10943 | D:9      | Noticed Erica
 10970 | D:9      | Identified the +9 quarterstaff "Laolit" {heavy, *Slow rC+
                  | Int+3}
 11041 | D:9      | Killed a boulder beetle
 11042 | D:9      | Reached skill level 5 in Dodging
 11042 | D:9      | Reached XP level 11. HP: 48/99 MP: 14/14
 11197 | D:9      | Found Biuph's Assorted Antiques.
 11217 | D:9      | Bought a scroll labelled CYGUTU ILEP for 25 gold pieces
 11217 | D:9      | Bought a scroll labelled QAWICSOORU for 25 gold pieces
 11217 | D:9      | Bought a golden potion for 22 gold pieces
 11294 | D:9      | Noticed a two-headed ogre
 11312 | D:9      | Killed a two-headed ogre
 11684 | D:9      | Reached skill level 10 in Fighting
 11785 | D:10     | Entered Level 10 of the Dungeon
 11833 | D:10     | Noticed Fannar
 11859 | D:10     | Killed Fannar
 13101 | D:11     | Found a gate leading to a gauntlet.
 13119 | Gauntlet | Entered a Gauntlet
 13119 | Gauntlet | Found a transporter.
 13119 | Gauntlet | Found a transporter.
 13121 | Gauntlet | Noticed a necromancer
 13132 | Gauntlet | Found a transporter.
 13150 | Gauntlet | Found a transporter.
 13151 | Gauntlet | Found a transporter.
 13167 | Gauntlet | Noticed a sixfirhy
 13169 | Gauntlet | Found a transporter.
 13170 | Gauntlet | Found a runed translucent door.
 13173 | Gauntlet | Found a transporter.
 13214 | Gauntlet | Found a transporter.
 13217 | Gauntlet | Found a transporter.
 13217 | Gauntlet | Found a transporter.
 13220 | Gauntlet | Noticed a death scarab
 13220 | Gauntlet | Noticed a death scarab
 13231 | Gauntlet | Found a transporter.
 13246 | Gauntlet | Noticed a ghost crab
 13247 | Gauntlet | Found a transporter.
 13254 | Gauntlet | Noticed a necromancer
 13254 | Gauntlet | Noticed a death yak
 13254 | Gauntlet | Noticed a death yak
 13254 | Gauntlet | Noticed a death yak
 13255 | Gauntlet | Noticed a death yak
 13256 | Gauntlet | Found a runed translucent gate.
 13257 | Gauntlet | Found a transporter.
 13257 | Gauntlet | Found a runed translucent gate.
 13258 | Gauntlet | Found a runed translucent gate.
 13271 | Gauntlet | Found a transporter.
 13329 | Gauntlet | Killed a necromancer
 13340 | Gauntlet | Identified the ring of Rariplol {Drain rPois rF+ rN+ Int+4}
 13382 | Gauntlet | Identified the ring of Raxziwuiz {*Corrode rC++ MP+9 Int+6
                  | Stlth+}
 13419 | Gauntlet | Killed a ghost crab
 13435 | Gauntlet | Identified the amulet "Adwippy" {Reflect rCorr SH+5}
 13479 | Gauntlet | Noticed a minotaur
 13490 | Gauntlet | Killed a minotaur
 13491 | Gauntlet | Reached skill level 1 in Spellcasting
 13571 | D:11     | Noticed a two-headed ogre
 13578 | D:11     | Killed a two-headed ogre
 13621 | D:11     | Noticed a tengu warrior
 13629 | D:11     | Killed a tengu warrior
 13679 | D:11     | Noticed a tengu warrior
 13690 | D:11     | Killed a tengu warrior
 13818 | D:11     | Noticed Urug
 13829 | D:11     | Killed Urug
 13830 | D:11     | Reached XP level 12. HP: 110/110 MP: 17/19
 14118 | D:11     | Noticed Erolcha
 14363 | D:11     | Killed Erolcha
 14371 | D:11     | Noticed Josephine
 14384 | D:10     | Killed Josephine
 14624 | D:11     | Noticed Snorg
 14627 | D:11     | Found a staircase to the Lair.
 14641 | D:11     | Killed Snorg
 14695 | Lair:1   | Entered Level 1 of the Lair of Beasts
 14979 | Lair:1   | Noticed Joseph
 14986 | Lair:1   | Killed Joseph
 16252 | Lair:2   | Identified the +1 scale mail "Buoromaf" {rPois}
 16392 | Lair:3   | Found a staircase to the Shoals.
 16922 | Lair:3   | Reached XP level 13. HP: 122/122 MP: 22/22
 17537 | Lair:3   | Found a hole to the Spider Nest.
 19560 | Lair:5   | Entered Level 5 of the Lair of Beasts
 19890 | Lair:5   | Found a runed translucent door.
 19891 | Lair:5   | Noticed an acid blob
 19891 | Lair:5   | Noticed an acid blob
 19899 | Lair:5   | Found a staircase to the Slime Pits.
 19899 | Lair:5   | Noticed an acid blob
 19962 | Lair:5   | Reached skill level 15 in Unarmed Combat
 21464 | Lair:5   | Reached XP level 14. HP: 130/133 MP: 24/24
 21624 | Lair:5   | Reached skill level 15 in Fighting
 22443 | D:12     | Found a staircase to the Orcish Mines.
 22463 | Orc:1    | Entered Level 1 of the Orcish Mines
 23563 | Orc:1    | Noticed an orc warlord
 23585 | D:12     | Killed an orc warlord
 24014 | Orc:2    | Entered Level 2 of the Orcish Mines
 24021 | Orc:2    | Noticed Nessos
 24036 | Orc:2    | Killed Nessos
 25445 | Orc:2    | Found a staircase to the Elven Halls.
 25454 | Orc:2    | Found Atuku's Antique Armour Boutique.
 25456 | Orc:2    | Found Ruoba's Distillery.
 25628 | Orc:2    | Found Biqontur's Book Boutique.
 25629 | Orc:2    | Found Wippud's Jewellery Shop.
 25631 | Orc:2    | Bought a potion of lignification for 45 gold pieces
 25663 | Orc:2    | Bought a shiny helmet for 195 gold pieces
 25798 | Orc:2    | Bought a potion of experience for 750 gold pieces
 26074 | Orc:1    | Found Quannus's Antique Armour Shoppe.
 27580 | D:14     | Reached XP level 15. HP: 122/145 MP: 25/25
 28388 | D:14     | Learned a level 5 spell: Blade Hands
 28723 | D:15     | Entered Level 15 of the Dungeon
 29585 | D:15     | Found a staircase to the Depths.
 29790 | Shoals:1 | Entered Level 1 of the Shoals
 30160 | Shoals:1 | Learned a level 1 spell: Beastly Appendage
 30163 | Shoals:1 | Learned a level 2 spell: Wereblood
 30168 | Shoals:1 | Learned a level 4 spell: Airstrike
 30330 | Shoals:1 | Reached skill level 1 in Transmutations
 30553 | Shoals:1 | Noticed Aizul
 30568 | Shoals:1 | Killed from afar by Aizul

Illustrated notes

Levels and vault maps discovered:
D:1:      dpeg_arrival_castle, layout_loops_ring, moated_statue
D:2:      layout_loops_cross, shapermc_ecumenical_altar_mp_vishouse
D:3:      layout_loops_ring, mainiacjoe_overflow_alcove_2,
          mainiacjoe_overflow_divided_tiny
D:4:      layout_basic, nicolae_ru_awakened_eye, kennysheep_generic_room_10,
          uniq_sigmund
D:5:      layout_basic, lemuel_temple_firewalk_b, sigmund_army,
          uniq_blork_the_orc, uniq_edmund, uniq_duvessa
D:6:      layout_layer_cave, overflow_temple_1_default, serial_bayou,
          serial_bayou_lagoon_a, serial_bayou_ford_a, serial_bayou_pond_d,
          serial_bayou_pond_a, portal_sewer_entry_f,
          nicolae_ossuary_entry_monument, uniq_maggie
D:7:      layout_basic, zin_statuary, general_overflow_altar, enter_bailey_7,
          uniq_prince_ribbit1
D:8:      layout_cave_pools, uniq_grum, uniq_psyche, uniq_gastronok
D:9:      layout_stronghold, serial_shops, nicolae_shop_overgrown_old_shop,
          st_stairs_5, uniq_erica
D:10:     layout_irregular_city, nicolae_dithmenos_the_darkroom,
          minmay_orc_keep, uniq_fannar
D:11:     layout_rooms, dpeg_oklobed_lair, gauntlet_entry_generic,
          wad_mini_maze, uniq_urug, uniq_snorg, uniq_erolcha, uniq_josephine
D:12:     layout_loops_ring, orc_0_dummy, grunt_decor_arrowhead
D:13:     layout_irregular_city, einodemon_crawler_minivault
D:14:     layout_roguey, grunt_vaults_entry_fortified, serial_aquarium,
          aquarium_bridge_island_small [aquarium_subvault_small_open,
          aquarium_subvault_wall, aquarium_subvault_wall,
          aquarium_subvault_wall, aquarium_subvault_bridge],
          aquarium_window_fake, aquarium_window_1, aquarium_view_2c,
          aquarium_view_2e, aquarium_balcony_1b, aquarium_pool_five,
          okawaru_gym_becter, minivault_14
D:15:     hangedman_depths_entry_civil_slaughter, layout_loops_cross,
          minmay_misc_feat_more_columns, lemuel_blue_sif_altar
Temple:   eino_temple_water
Lair:1:   layout_loops_ring, uniq_joseph
Lair:2:   layout_gridlike, chequers_serial_rivers_small_a
Lair:3:   layout_chaotic_city, minmay_shoals_entry_lonely_mermaid,
          spider_nest_entry_funnel_web, basic_altar,
          infiniplex_staircase_pool_2, lemuel_fruit_tree, serial_bayou_shore_a
Lair:4:   layout_roguey [special_room_mythical_zoo], basic_altar,
          chequers_serial_rivers_small_3, beast_lair_carwin_7,
          infiniplex_staircase_pool
Lair:5:   evilmike_catoblepas_cave, layout_long_grid, slime_entry_2
Shoals:1: cheibrodos_shoals_gigantism, layout_shoals, argonaut_gorgonesque,
          uniq_nikola, uniq_aizul, uniq_frances
Orc:1:    layout_caves, serial_shops, nicolae_square_shop
Orc:2:    st_orc_open, layout_caves, basic_altar, uniq_nessos

Skill      XL: |  1  2  3  4  5  6  7  8  9 10 11 12 13 14 15 |
---------------+----------------------------------------------+-----
Unarmed Combat | 2 3 4 5 6 7 9 10 11 12 13 15 17 | 17.9
Fighting       | 3 5 8 9 11 13 14 16 17 | 17.4
Dodging        | 5 7 8 |  8.0
Evocations     | 3 4 |  4.0
Spellcasting   | 2 4 |  4.0
Transmutations | 1 |  1.6
Stealth        | |  4.5

Action                   |  1- 3 |  4- 6 |  7- 9 | 10-12 | 13-15 || total
-------------------------+-------+-------+-------+-------+-------++-------
Melee: Unarmed           |   186 |   142 |   374 |   631 |  1203 ||  2536
       Whip              |    29 |    45 |       |       |       ||    74
       Punch             |     4 |     8 |    19 |    79 |   177 ||   287
       Spear             |       |       |       |    17 |       ||    17
 Fire: Sling             |     5 |       |    23 |       |       ||    28
Throw: Dart              |       |     7 |    11 |    13 |     5 ||    36
       Throwing net      |       |     1 |     1 |       |     1 ||     3
       Stone             |       |       |     2 |       |       ||     2
       Boomerang         |       |       |    14 |    52 |   125 ||   191
Evoke: Wand              |       |       |     1 |    13 |    11 ||    25
       Phantom mirror    |       |       |     1 |     1 |     2 ||     4
       Tin of tremorston |       |       |       |       |     2 ||     2
       Phial of floods   |       |       |       |       |     1 ||     1
  Use: Scroll            |     1 |     1 |    10 |     9 |     8 ||    29
       Potion            |       |     2 |     1 |     2 |     3 ||     8
 Stab: Sleeping          |     6 |     3 |     4 |     4 |     4 ||    21
       Held in net/web   |       |       |     1 |       |       ||     1
       Paralysed         |       |       |       |    17 |       ||    17
       Distracted        |       |       |       |     2 |     7 ||     9
Armor: Leather armour    |    53 |    19 |       |       |    61 ||   133
       Chain mail        |       |    49 |       |       |       ||    49
       Ring mail         |       |     8 |   189 |   212 |   209 ||   618
       Scale mail        |       |       |       |       |     4 ||     4
       Troll leather arm |       |       |       |       |   250 ||   250
Dodge: Dodged            |   137 |   100 |   228 |   282 |   738 ||  1485
Block: Other             |       |       |       |    43 |   273 ||   316
       Reflection        |       |       |       |     1 |    28 ||    29

Table legend: (Time is in decaauts)
 A = Elapsed time spent in this place.
 B = Non-inter-level travel time spent in this place.
 C = Inter-level travel time spent in this place.
 D = Time resting spent in this place.
 E = Time spent auto-exploring this place.
 F = Levels seen in this place.
 G = Mean time per level.
                   A        B        C        D        E       F      G
               +--------+--------+--------+--------+--------+-----+--------+
         Total |  30182 |  28808 |   1374 |   4731 |  15532 |  28 | 1077.9 |
       Dungeon |  17134 |  16155 |    979 |   2349 |   9230 |  15 | 1142.3 |
        Temple |      1 |      1 |      0 |      0 |      0 |   1 |    1.0 |
          Lair |   7457 |   7196 |    261 |   1412 |   4022 |   5 | 1491.4 |
        Shoals |    531 |    531 |      0 |     92 |    233 |   1 |  531.0 |
  Orcish Mines |   2671 |   2538 |    133 |    412 |   1326 |   2 | 1335.5 |
         Sewer |    758 |    758 |      0 |    164 |    353 |   1 |  758.0 |
       Ossuary |    472 |    472 |      0 |      0 |     96 |   1 |  472.0 |
        Bailey |    765 |    765 |      0 |    250 |    271 |   1 |  765.0 |
      Gauntlet |    388 |    388 |      0 |     52 |      0 |   1 |  388.0 |
               +--------+--------+--------+--------+--------+-----+--------+

Top non-repeatable levels by time:
  Lair:4: 2213 daAuts
  Lair:5: 1992 daAuts
     D:5: 1736 daAuts
     D:6: 1649 daAuts
    D:10: 1646 daAuts
  Lair:3: 1506 daAuts
    D:12: 1410 daAuts
   Orc:2: 1400 daAuts
   Orc:1: 1271 daAuts
    D:11: 1222 daAuts
    D:14: 1188 daAuts
    D:13: 991 daAuts
     D:3: 985 daAuts
     D:8: 968 daAuts
     D:4: 948 daAuts
